 Dungeon Crawl Stone Soup version 0.23-a0-808-gd21de94 (webtiles) character file.

5285 Klosterheim the Grappler (level 10, -19/138 HPs)
             Began as a Troll Warper on Jan 21, 2019.
             Was a High Priest of Uskayaw.
             Killed from afar by a deep elf mage (30 damage)
             ... with a bolt of negative energy
             ... in a bailey.
             The game lasted 00:23:05 (6896 turns).

Klosterheim the Grappler (Troll Warper)             Turns: 6896, Time: 00:23:06

Health: -19/138    AC:  6    Str: 26    XL:     10   Next: 37%
Magic:  10/12      EV:  9    Int: 15    God:    Uskayaw [*****.]
Gold:   259        SH:  0    Dex:  9    Spells: 6/13 levels left

rFire    + . .     SeeInvis .     - Unarmed
rCold    . . .     Gourm    +   (no shield)
rNeg     . . .     Faith    .   r - +0 robe {MR+}
rPois    .         Spirit   .   (helmet restricted)
rElec    .         Reflect  .   (no cloak)
rCorr    .         Harm     .   (gloves unavailable)
MR       +....                  (boots unavailable)
Stlth    ..........             (no amulet)
HPRegen  0.73/turn              m - ring of protection from fire
MPRegen  0.13/turn              q - +3 ring of intelligence

@: berserking, very slightly contaminated, drained, very quick
A: large, unfitting armour, claws 3, fast metabolism 3, gourmand, regeneration
1, shaggy fur 1, tough skin 3
a: Stomp, Line Pass, Grand Finale, Renounce Religion


You were in a bailey.
You worshipped Uskayaw.
Uskayaw was noncommittal.
You were not hungry.

You visited 2 branches of the dungeon, and saw 10 of its levels.
You also visited: Bailey.

You collected 371 gold pieces.
You spent 112 gold pieces at shops.

Inventory:

Missiles
 d - 5 tomahawks of dispersal (quivered)
 p - 13 tomahawks
Armour
 r - a +0 robe of magic resistance (worn)
Jewellery
 a - an uncursed ring of protection from fire
 m - a ring of protection from fire (left claw)
 q - a +3 ring of intelligence (right claw)
Wands
 E - a wand of flame (14)
 F - a wand of acid (5)
Scrolls
 c - 4 scrolls of blinking
 e - 6 scrolls of teleportation
 j - 2 scrolls of identify
 n - a scroll of fog
 o - a scroll of enchant armour
 s - 2 scrolls of amnesia
 t - a scroll of remove curse
 w - a scroll of magic mapping
 G - a scroll of fear
Potions
 b - 3 potions of flight
 g - a potion of haste
 h - a potion of invisibility
 i - a potion of cancellation
 k - a potion of agility
 l - 4 potions of brilliance
 u - 2 potions of curing
 x - a potion of heal wounds
 z - a potion of resistance
 B - a potion of ambrosia
 C - a potion of might
 D - a potion of experience {unknown}
Comestibles
 f - 17 rations


   Skills:
 - Level 4.0(3.2) Fighting
 - Level 2.0(1.2) Throwing
 - Level 2.0(1.2) Dodging
 - Level 10.0(9.1) Unarmed Combat
 - Level 2.0(1.2) Spellcasting
 + Level 7.9(7.1) Translocations
 + Level 3.2(2.5) Invocations


You had 6 spell levels left.
You knew the following spells:

 Your Spells              Type           Power        Failure   Level  Hunger
a - Blink                 Tloc           N/A          1%          2    ###....
b - Shroud of Golubria    Chrm/Tloc      ##........   9%          2    ###....
c - Teleport Other        Tloc           ###.....     3%          3    ####...

Your spell library contained the following spells:

 Spells                   Type           Power        Failure   Level  Hunger
 Gell's Gravitas          Tloc           ###.......   3%          3    ####...
 Lesser Beckoning         Tloc           ###.......   3%          3    ####...
 Passage of Golubria      Tloc           N/A          13%         4    #####..
 Portal Projectile        Hex/Tloc       ##....       17%         3    ####...
 Corona                   Hex            #......      24%         1    ##.....
 Ensorcelled Hibernation  Hex/Ice        #.....       36%         2    ###....
 Confuse                  Hex            #.......     58%         3    ####...
 Dazzling Spray           Conj/Hex       #.....       58%         3    ####...
 Tukima's Dance           Hex            #.......     58%         3    ####...
 Summon Forest            Summ/Tloc      ##........   83%         5    ######.
 Ice Form                 Ice/Tmut       #.......     94%         4    #####..
 Petrify                  Tmut/Erth      #.......     94%         4    #####..


Dungeon Overview and Level Annotations

Branches:
Dungeon (9/15)             Temple (1/1) D:4             Orc (0/2) D:9
   Lair: D:8-11

Altars:
Ashenzari
Cheibriados
Dithmenos
Elyvilon
Fedhas
Gozag
Hepliaklqana
Kikubaaqudgha
Makhleb
Nemelex Xobeh
Okawaru
Qazlal
Ru
Sif Muna
Trog
Uskayaw
Vehumet
Wu Jian
Xom
Yredelemnul
Zin
The Shining One

Shops:
D:6 !


Innate Abilities, Weirdness & Mutations

You are too large for most types of armour.
You have claws for hands.
Your metabolism is lightning-fast.
You like to eat raw meat.
Your natural rate of healing is unusually fast.
You are covered in fur. (AC +1)
You have extremely tough skin. (AC +3)


Message History

The deep elf mage is almost dead.
The deep elf mage casts a spell at the deep elf mage.
The bolt of negative energy hits you!
You feel drained.
* * * LOW HITPOINT WARNING * * *
The bolt of negative energy misses the deep elf mage.
You are too berserk!
You closely miss the deep elf mage.
The deep elf mage is almost dead.
The deep elf mage barely misses you.
You barely miss the deep elf mage.
The deep elf mage is almost dead.
You mangle the deep elf mage!!
You kill the deep elf mage!
The ice beast disappears in a puff of smoke!
Base training target 10.0 for Unarmed Combat reached!
Your base Unarmed Combat skill increases to level 10!
You flicker back into view.
The deep elf mage casts a spell at you. The bolt of negative energy hits you!
You feel drained.
You die...

######...##
##..##..∩..#
#....#.....#
#....##...##
..
#..##'######.
###...###...##
#..)..#.....#
#..∩..#.....#
#..§.@#.....#
##.§§)#....#
#####)#####
#....#e...##
#.....#.....#
#.....#.....#
#.....#.....#
##...###...##
.### +###.


You could see a deep elf mage.

Vanquished Creatures
  6 deep elf magi (Bailey)
  Joseph (D:8)
  A hippogriff (D:8)
  A wyvern (D:8)
  A hungry ghost (D:8)
  A water moccasin (D:8)
  An orc warrior (D:9)
  A necrophage (D:8)
  An ice beast (D:6)
  An ogre (D:4)
  4 bullfrogs
  A wyvern zombie (D:6)
  A gnoll sergeant (D:8)
  2 scorpions (D:7)
  2 howler monkeys (D:7)
  2 crimson imps (D:8)
  2 centaur zombies
  4 orc priests
  A jelly (D:7)
  2 centaur skeletons
  3 hounds
  Jessica (D:2)
  Ijyb (D:5)
  2 iguanas
  Natasha (thrice) (D:2)
  6 orc wizards
  6 worker ants
  2 hound skeletons
  2 worker ant zombies
  A howler monkey skeleton (D:4)
  5 adders
  5 gnolls
  2 oozes
  2 adder skeletons
  An adder zombie (D:7)
  2 worms
  2 dart slugs
  7 leopard geckos
  24 orcs
  3 giant cockroaches
  8 hobgoblins
  9 jackals
  4 quokkas
  A ball python skeleton (D:4)
  8 bats
  4 frilled lizards
  11 goblins
  A jackal zombie (D:5)
  4 kobolds
  A leopard gecko zombie (D:5)
  A quokka skeleton (D:5)
  10 rats
178 creatures vanquished.

Notes
Turn   | Place    | Note
-------+----------+-------------------------------------------
     0 | D:1      | Klosterheim the Troll Warper began the quest for the Orb.
     0 | D:1      | Reached XP level 1. HP: 19/19 MP: 1/1
   102 | D:1      | Reached XP level 2. HP: 28/28 MP: 3/3
   119 | D:1      | Learned a level 2 spell: Blink
   564 | D:1      | Reached XP level 3. HP: 35/35 MP: 4/4
   701 | D:2      | Learned a level 2 spell: Shroud of Golubria
   882 | D:2      | Noticed Jessica
   894 | D:2      | Killed Jessica
   894 | D:2      | Reached XP level 4. HP: 43/44 MP: 4/6
  1073 | D:2      | Noticed Natasha
  1085 | D:2      | Killed Natasha
  1239 | D:2      | Noticed Natasha
  1249 | D:2      | Killed Natasha
  1358 | D:2      | Noticed Natasha
  1366 | D:2      | Killed Natasha
  1366 | D:2      | Reached XP level 5. HP: 49/53 MP: 7/7
  1768 | D:3      | Reached skill level 3 in Unarmed Combat
  1901 | D:3      | Found a white marble altar of Elyvilon.
  2127 | D:4      | Reached XP level 6. HP: 59/61 MP: 8/8
  2288 | D:4      | Found a staircase to the Ecumenical Temple.
  2339 | Temple   | Entered the Ecumenical Temple
  2537 | Temple   | Became a worshipper of Uskayaw the Reveler
  2567 | D:4      | Reached * piety under Uskayaw
  2609 | D:4      | Reached skill level 4 in Unarmed Combat
  2695 | D:4      | Reached ** piety under Uskayaw
  2772 | D:4      | Found a sacrificial altar of Ru.
  2890 | D:4      | Learned a level 3 spell: Teleport Other
  2891 | D:5      | Entered Level 5 of the Dungeon
  2958 | D:5      | Reached skill level 1 in Throwing
  3139 | D:5      | Reached skill level 5 in Unarmed Combat
  3164 | D:5      | Found a burning altar of Makhleb.
  3170 | D:5      | Noticed Ijyb
  3184 | D:5      | Reached *** piety under Uskayaw
  3205 | D:5      | Reached XP level 7. HP: 34/67 MP: 3/9
  3209 | D:5      | Killed Ijyb
  3209 | D:5      | Reached **** piety under Uskayaw
  3637 | D:6      | Found Wypp's Distillery.
  3644 | D:6      | Bought a potion of berserk rage for 70 gold pieces
  3644 | D:6      | Bought a potion of curing for 42 gold pieces
  3951 | D:6      | Reached skill level 6 in Unarmed Combat
  4011 | D:6      | Found an ornate altar of the Wu Jian Council.
  4011 | D:6      | Found a glowing silver altar of Zin.
  4198 | D:6      | Found a shimmering altar of Xom.
  4199 | D:6      | Found a shadowy altar of Dithmenos.
  4234 | D:6      | Found a basalt altar of Yredelemnul.
  4666 | D:7      | Reached XP level 8. HP: 65/78 MP: 10/10
  4912 | D:7      | Noticed a moth of wrath
  4915 | D:7      | Found a bloodstained altar of Trog.
  4971 | D:7      | Reached skill level 7 in Unarmed Combat
  4979 | D:7      | Reached ***** piety under Uskayaw
  4999 | D:7      | Reached ****** piety under Uskayaw
  5389 | D:7      | Reached skill level 8 in Unarmed Combat
  5592 | D:8      | Reached skill level 5 in Translocations
  5657 | D:8      | Reached XP level 9. HP: 61/84 MP: 11/11
  5719 | D:8      | Found a shattered altar of Ashenzari.
  6328 | D:8      | Identified Zeuddinir's Almanac of Warped Transmigration
  6447 | D:8      | Noticed Joseph
  6459 | D:8      | Killed Joseph
  6757 | D:9      | Found a flagged portal.
  6766 | Bailey   | Entered a bailey
  6772 | Bailey   | Noticed a deep elf mage
  6780 | Bailey   | Killed a deep elf mage
  6780 | Bailey   | Reached skill level 9 in Unarmed Combat
  6780 | Bailey   | Reached skill level 1 in Invocations
  6854 | Bailey   | Noticed a deep elf mage
  6855 | Bailey   | Noticed a deep elf mage
  6857 | Bailey   | Noticed a deep elf mage
  6857 | Bailey   | Noticed a deep elf mage
  6866 | Bailey   | Killed a deep elf mage
  6866 | Bailey   | Reached XP level 10. HP: 65/92 MP: 12/12
  6874 | Bailey   | Killed a deep elf mage
  6875 | Bailey   | Noticed a deep elf mage
  6880 | Bailey   | Noticed a deep elf mage
  6881 | Bailey   | Killed a deep elf mage
  6884 | Bailey   | Killed a deep elf mage
  6895 | Bailey   | Killed a deep elf mage
  6895 | Bailey   | Reached skill level 10 in Unarmed Combat
  6896 | Bailey   | Killed from afar by a deep elf mage

Vault maps used:
D:1:      dpeg_arrival_arbitrary_c
D:2:      uniq_natasha, uniq_jessica
D:3:      elyvilon_altar_5
D:4:      lemuel_coloured_pillars_altar, minmay_temple_entry_ruins,
          serial_rivers, chequers_serial_rivers_micro_c,
          chequers_serial_rivers_micro_d, chequers_serial_rivers_small_3,
          chequers_serial_rivers_micro_b, chequers_serial_rivers_micro_a,
          first_ration
D:5:      kennysheep_mini, solitary_fountain, uniq_ijyb
D:6:      nicolae_overflow_hidden_temple, serial_shops, shop,
          lemuel_statue_altar
D:7:      tgw_trog, serial_bayou_lagoon_a
D:8:      nicolae_ashenzari_panopticon, minmay_misc_feat_chi, uniq_joseph
D:9:      hiddenorc1_lemuel, enter_bailey_8, corexii_corridor_pit, uniq_grum
Temple:   eino_narrow_crystal_temple
Bailey:   bailey_polearm_3, bailey

Skill      XL: |  1  2  3  4  5  6  7  8  9 10 |
---------------+-------------------------------+-----
Dodging        | 2 |  2.0
Fighting       | 2 3 4 |  4.0
Spellcasting   | 2 |  2.0
Translocations | 3 5 7 |  7.9
Unarmed Combat | 3 5 6 8 9 10 | 10.0
Throwing       | 1 2 |  2.0
Invocations    | 2 3 |  3.2

Action                   |  1- 3 |  4- 6 |  7- 9 | 10-12 || total
-------------------------+-------+-------+-------+-------++-------
Melee: Unarmed           |    92 |   200 |   325 |    23 ||   640
       Punch             |       |       |     7 |       ||     7
 Cast: Shroud of Golubri |       |       |     7 |       ||     7
       Teleport Other    |       |       |     1 |       ||     1
       Blink             |       |       |     1 |       ||     1
Invok: Stomp             |       |     2 |       |       ||     2
       Line Pass         |       |       |     2 |     1 ||     3
  Use: Scroll            |     6 |     9 |     9 |       ||    24
       Potion            |       |       |     4 |     1 ||     5
 Stab: Paralysed         |       |     1 |    15 |     1 ||    17
       Confused          |       |     1 |       |       ||     1
       Invisible         |       |       |     1 |     5 ||     6
  Eat: Chunk             |    14 |    21 |    35 |       ||    70
Armor: Robe              |    32 |    79 |    95 |     4 ||   210
       Skin              |       |     1 |       |       ||     1
Dodge: Dodged            |    44 |   106 |   175 |     5 ||   330

Table legend:
 A = Non-vault XP
 B = Vault XP
 C = Vault XP percentage of total XP
 D = Non-vault monster count
 E = Vault monster count
 F = Vault count percentage of total count
                 A         B        C        D         E       F
            +---------+---------+-------+---------+---------+-------
      Total |    4062 |    3489 |  46.2 |     163 |      15 |   8.4
            +---------+---------+-------+---------+---------+-------
        D:1 |      46 |       0 |   0.0 |      24 |       0 |   0.0
        D:2 |     102 |      72 |  41.4 |      16 |       2 |  11.1
        D:3 |     135 |       0 |   0.0 |      23 |       0 |   0.0
        D:4 |     207 |       0 |   0.0 |       9 |       0 |   0.0
        D:5 |     274 |      36 |  11.6 |      19 |       1 |   5.0
        D:6 |     540 |       0 |   0.0 |      19 |       0 |   0.0
        D:7 |    1085 |       9 |   0.8 |      27 |       5 |  15.6
        D:8 |    1480 |     481 |  24.5 |      20 |       1 |   4.8
        D:9 |     193 |       0 |   0.0 |       6 |       0 |   0.0
     Bailey |       0 |    2891 | 100.0 |       0 |       6 | 100.0
            +---------+---------+-------+---------+---------+-------
